 Dungeon Crawl Stone Soup version 0.29-a0-96-g93358da72b (webtiles) character file.

Game seed: 11074574481262785684

1893 Straiff the Geomancer (level 9, -1/45 HPs)
             Began as a Gargoyle Earth Elementalist on Feb 12, 2022.
             Slain by a troll (8 damage)
             ... on level 5 of the Dungeon.
             The game lasted 01:06:30 (6850 turns).

Straiff the Geomancer (Gargoyle Earth Elementalist) Turns: 6850, Time: 01:06:31

Health: -1/45      AC: 11    Str: 12    XL:     9   Next: 15%
Magic:  6/12       EV: 11    Int: 20    God:
Gold:   319        SH:  5    Dex: 10    Spells: 6/12 levels left

rFire   + + .      SeeInvis .   c - +2 whip (pain)
rCold   + . .      Faith    .   (no shield)
rNeg    + . .      Spirit   .   m - +2 robe {rC+ rF+}
rPois   ∞          Reflect  +   E - +0 helmet
rElec   +          Harm     .   (no cloak)
rCorr   .          Rampage  .   (no gloves)
Will    .....                   (no boots)
Stlth   ++........              y - amulet of reflection
HPRegen 0.15/turn               D - ring of protection from fire
MPRegen 0.13/turn               (no ring)

@: no status effects
A: sickness immunity, AC +6, negative energy resistance 1, electricity
resistance, torment resistance 1, petrification resistance
a: no special abilities


You were on level 5 of the Dungeon.
You visited 1 branch of the dungeon, and saw 7 of its levels.

You collected 346 gold pieces.
You spent 27 gold pieces at shops.

Inventory:

Hand Weapons
 a - a +0 mace
 c - a +2 whip of pain (weapon)
 i - a +0 dagger
 o - a +0 quarterstaff
Missiles
 f - 34 sling bullets
 v - 5 poisoned darts
Armour
 b - a +0 robe
 m - a +2 robe of resistance (worn)
 E - a +0 helmet (worn)
Jewellery
 y - an amulet of reflection (around neck)
 D - a ring of protection from fire (left hand)
Wands
 p - a wand of iceblast (15)
Scrolls
 e - 3 scrolls of teleportation {unknown}
 g - 2 scrolls of magic mapping {unknown}
 h - 2 scrolls of torment {unknown}
 k - 2 scrolls of blinking {unknown}
 q - a scroll of vulnerability {unknown}
 r - 2 scrolls of fog {unknown}
 s - 2 scrolls of identify {unknown}
 x - 2 scrolls of summoning {unknown}
 z - 2 scrolls of noise {unknown}
 B - 2 scrolls of amnesia {unknown}
Potions
 d - 2 potions of degeneration {unknown}
 j - a potion of might {unknown}
 l - 2 potions of flight {unknown}
 n - a potion of ambrosia {unknown}
 t - a potion of resistance
 u - 3 potions of curing {unknown}
 w - 2 potions of lignification {unknown}
 A - 2 potions of haste {unknown}
 C - a potion of brilliance {unknown}
 F - 3 potions of cancellation {unknown}
 G - a potion of berserk rage {unknown}


   Skills:
 + Level 0.0 Fighting
 + Level 0.0 Armour
 - Level 1.5 Dodging
 - Level 2.1 Stealth
 + Level 2.0 Spellcasting
 - Level 0.7 Transmutations
 - Level 14.1 Earth Magic


You had 6 spell levels left.
You knew the following spells:

 Your Spells              Type           Power      Damage    Failure   Level
a - Sandblast             Erth           100%       2d20      1%          1
b - Passwall              Tmut/Erth      25%        N/A       1%          2
c - Stone Arrow           Conj/Erth      60%        3d10      2%          3

Your spell library contained the following spells:

 Spells                   Type           Power      Damage    Failure   Level
 Petrify                  Tmut/Erth      31%        N/A       8%          4
 Animate Skeleton         Necr           4%         N/A       16%         1
 Apportation              Tloc           4%         N/A       16%         1
 Magic Dart               Conj           8%         1d3       16%         1
 Pain                     Necr           8%         1d4       16%         1
 Slow                     Hex            8%         N/A       16%         1
 Summon Small Mammal      Summ           8%         N/A       16%         1
 Searing Ray              Conj           4%         2d4       24%         2
 Confusing Touch          Hex            2%         N/A       43%         3
 Gell's Gravitas          Tloc           2%         N/A       43%         3
 Lesser Beckoning         Tloc           2%         N/A       43%         3
 Teleport Other           Tloc           2%         N/A       43%         3
 Vampiric Draining        Necr           2%         2d6       43%         3
 Airstrike                Air            1%         N/A       83%         4
 Fulminant Prism          Conj/Hex       1%         3d6       83%         4
 Summon Lightning Spire   Summ/Air       2%         N/A       83%         4
 Agony                    Necr           2%         N/A       99%         5
 Excruciating Wounds      Necr           1%         N/A       99%         5
 Lightning Bolt           Conj/Air       1%         1d12      99%         5


Dungeon Overview and Level Annotations

Branches:
Dungeon (7/15)
 Temple: D:4-7

Altars:
Dithmenos
Xom

Shops:
D:4 (


Innate Abilities, Weirdness & Mutations

You are immune to sickness and miasma.
Your stone body is resilient. (AC +6)
You are immune to poison.
You resist negative energy. (rN+)
You are resistant to electric shocks. (rElec)
You are resistant to unholy torment.
You are immune to petrification.


Message History

Things that are here:
a +0 leather armour; a +0 flail
Things that are here:
a +0 plate armour; a +0 war axe; a +0 club
Casting: Stone Arrow (dangerous; 2% risk of failure)
Confirm with . or Enter, or press ? or * to list all spells.
Aiming: Passwall (safe; 1% risk of failure)
Press: ? - help, Dir - move target, p - troll You can't see that place. [a rock wall.] HP restored.
The troll bites you. The troll misses you. The troll claws you.
You begin to meditate on the wall.
You continue meditating on the rock.
The troll barely misses you. The troll claws you. x2
You continue meditating on the rock.
The troll bites you but does no damage. The troll closely misses you.
The troll claws you!
You continue meditating on the rock.
The troll misses you. You block the troll's attack.
The troll barely misses you.
You continue meditating on the rock.
The troll bites you!
* * * LOW HITPOINT WARNING * * *
The troll claws you.
* * * LOW HITPOINT WARNING * * *
The troll closely misses you.
You finish merging with the rock.
You start resting.
A troll is nearby!
You open the door. The troll bites you but does no damage.
The troll barely misses you. The troll claws you.
* * * LOW HITPOINT WARNING * * *
There is an open door here.
There is a stone staircase leading up here.
You can't go down here!
The troll closely misses you. The troll misses you.
The troll completely misses you.
You climb upwards.
There is a stone staircase leading down here.
The troll bites you!
You die...

# #..##...#####.##
#....# # #..##..##
##########.####
#..##..## #.......###
#..##...## ##..<....##
#...###..####..####...#
##.## ##......## ##..#
# #.# ##....## #..### #
#.# ##.T..# ##...### ##
#.# #@...## #####.. .##
##.# #..#..## ###
..#####..#
##.###..###########
#........# #..#
##>...........
########.######.##
##.....######
##...##..# #....## ####
###.......## #....#
...###...#######
##....# .........#
#.....###


You could see a troll.

Vanquished Creatures
  Duvessa (D:6)
  A black bear (D:4)
  2 orc warriors (D:6)
  A necrophage (D:4)
  3 ogres
  2 scorpions
  A water moccasin zombie (D:6)
  Dowan (D:6)
  5 howler monkeys (D:6)
  4 hounds
  3 centaur zombies
  A jelly (D:5)
  3 orc priests (D:6)
  A centaur skeleton (D:5)
  A bullfrog skeleton (D:5)
  An iguana (D:5)
  A scorpion zombie (D:5)
  3 orc wizards (D:6)
  A hound skeleton (D:5)
  A howler monkey skeleton (D:6)
  7 gnolls
  5 adders
  3 ufetubi
  4 adder skeletons
  A worm (D:3)
  4 dart slugs
  11 orcs
  5 bats
  3 endoplasms
  4 giant cockroaches
  7 hobgoblins
  3 kobolds (D:1)
  3 quokkas (D:1)
  5 ball pythons
  2 frilled lizards
  7 goblins
  5 rats
  A bush (D:4)
117 creatures vanquished.

Vanquished Creatures (others)
  4 fungi (D:3)
  8 plants
12 creatures vanquished.

Grand Total: 129 creatures vanquished

Notes
Turn   | Place    | Note
-------+----------+-------------------------------------------
     0 | D:1      | Straiff the Gargoyle Earth Elementalist began the quest for
                  | the Orb.
     0 | D:1      | Reached XP level 1. HP: 10/10 MP: 3/3
   213 | D:1      | Reached skill level 4 in Earth Magic
   225 | D:1      | Reached XP level 2. HP: 4/15 MP: 0/5
   653 | D:1      | Reached XP level 3. HP: 19/19 MP: 3/6
   654 | D:1      | Reached skill level 5 in Earth Magic
  1163 | D:2      | Found a shimmering altar of Xom.
  1952 | D:3      | Reached skill level 6 in Earth Magic
  1952 | D:3      | Reached XP level 4. HP: 24/24 MP: 4/7
  2086 | D:3      | Found a faded altar of an unknown god.
  2722 | D:4      | Found a shadowy altar of Dithmenos.
  2860 | D:4      | Reached XP level 5. HP: 26/28 MP: 6/8
  2883 | D:4      | Reached skill level 7 in Earth Magic
  2999 | D:4      | Noticed a necrophage
  3005 | D:4      | Killed a necrophage
  3006 | D:4      | Reached skill level 8 in Earth Magic
  3006 | D:4      | Reached XP level 6. HP: 32/32 MP: 4/9
  3064 | D:4      | Found Ocumuklitto's Weapon Shop.
  3064 | D:4      | Noticed a black bear
  3071 | D:4      | Killed a black bear
  3072 | D:4      | Reached skill level 9 in Earth Magic
  3120 | D:4      | Bought 27 stones for 27 gold pieces
  3266 | D:4      | Reached XP level 7. HP: 36/36 MP: 5/10
  3806 | D:5      | Entered Level 5 of the Dungeon
  4113 | D:5      | Reached skill level 10 in Earth Magic
  4488 | D:5      | Learned a level 2 spell: Passwall
  4638 | D:5      | Reached skill level 11 in Earth Magic
  4638 | D:5      | Reached XP level 8. HP: 41/41 MP: 8/11
  5390 | D:6      | Reached skill level 12 in Earth Magic
  5821 | D:6      | Noticed Dowan
  5822 | D:6      | Noticed Duvessa
  5830 | D:6      | Killed Duvessa
  5831 | D:6      | Killed Dowan
  5920 | D:6      | Reached skill level 13 in Earth Magic
  6398 | D:6      | Learned a level 3 spell: Stone Arrow
  6555 | D:6      | Reached XP level 9. HP: 45/45 MP: 6/12
  6765 | D:6      | Reached skill level 14 in Earth Magic
  6788 | D:6      | Noticed a troll
  6850 | D:5      | Slain by a troll

Illustrated notes

Levels and vault maps discovered:
D:1:      lordsloth_arrival_two_stooges, layout_basic, chequers_avenue,
          kennysheep_small_spiral, minmay_pentomino_t4
D:2:      layout_rooms, basic_altar
D:3:      layout_basic, shapermc_ecumenical_altar_mp_urbaneastern,
          minmay_fractal_squares_gapless_5
D:4:      layout_loops_ring, mainiacjoe_overflow_boulevard, serial_shops,
          nicolae_shop_bloodbath_and_beyond, amethyst_killhole
D:5:      layout_layer_cave, minmay_circle_x
D:6:      lemuel_castle_with_subvaults [lemuel_castle_interior_original],
          layout_loops_corners, mainiacjoe_overflow_big_doors, serial_rivers,
          chequers_serial_rivers_marsh, chequers_serial_rivers_large_b,
          chequers_serial_rivers_micro_a, chequers_serial_rivers_room_b,
          uniq_duvessa
D:7:      layout_loops_ring, minmay_temple_entry_grid, uniq_joseph

Skill      XL: |  1  2  3  4  5  6  7  8  9 |
---------------+----------------------------+-----
Earth Magic    | 4 6 8 9 11 13 14 | 14.1
Dodging        | |  1.5
Stealth        | |  2.1
Spellcasting   | |  2.0
Transmutations | |  0.7

Action                   |  1- 3 |  4- 6 |  7- 9 || total
-------------------------+-------+-------+-------++-------
Melee: Mace              |    27 |   136 |    19 ||   182
       Punch             |     1 |     1 |       ||     2
       Whip              |       |       |    11 ||    11
 Cast: Sandblast         |    44 |    39 |    76 ||   159
       Passwall          |       |       |     5 ||     5
       Stone Arrow       |       |       |    14 ||    14
Evoke: Wand              |       |       |     5 ||     5
 Stab: Sleeping          |     1 |       |       ||     1
Armor: Robe              |    16 |     9 |    31 ||    56
Dodge: Dodged            |    25 |    16 |    37 ||    78
Block: Other             |       |     4 |    22 ||    26
       Reflection        |       |       |     1 ||     1

Table legend: (Time is in decaauts)
 A = Elapsed time spent in this place.
 B = Non-inter-level travel time spent in this place.
 C = Inter-level travel time spent in this place.
 D = Time resting spent in this place.
 E = Time spent auto-exploring this place.
 F = Levels seen in this place.
 G = Mean time per level.
                   A        B        C        D        E       F      G
               +--------+--------+--------+--------+--------+-----+--------+
         Total |   6955 |   6955 |      0 |   1465 |   1346 |   7 |  993.6 |
       Dungeon |   6955 |   6955 |      0 |   1465 |   1346 |   7 |  993.6 |
               +--------+--------+--------+--------+--------+-----+--------+

Top non-repeatable levels by time:
     D:6: 1747 daAuts
     D:5: 1332 daAuts
     D:4: 1155 daAuts
     D:1: 1105 daAuts
     D:3: 1029 daAuts
     D:2: 580 daAuts
     D:7: 4 daAuts
